 Dungeon Crawl Stone Soup version 0.23-a0-681-g26ad783 (webtiles) character file.

21763 Lanoc the Carver (level 12, -2/145 HPs)
             Began as a Demonspawn Berserker on Jan 10, 2019.
             Was a High Priest of Trog.
             Slain by a slime creature (10 damage)
             ... on level 11 of the Dungeon.
             The game lasted 00:32:48 (11557 turns).

Lanoc the Carver (Demonspawn Berserker)            Turns: 11557, Time: 00:32:49

Health: -2/145     AC: 17    Str: 28    XL:     12   Next: 57%
Magic:  0/12       EV: 23    Int:  8    God:    Trog [*****.]
Gold:   645        SH:  0    Dex: 18    Spells: 11/11 levels left

rFire    + . .     SeeInvis +   y - +2 great sword (slice)
rCold    + . .     Gourm    .   (shield currently unavailable)
rNeg     . . .     Faith    .   o - +4 scale mail
rPois    .         Spirit   +   (helmet unavailable)
rElec    .         Reflect  .   u - +0 cloak
rCorr    .         Harm     .   v - +0 pair of gloves
MR       .....                  q - +1 pair of boots {Stlth+}
Stlth    ..........             a - amulet of regeneration
HPRegen  0.74/turn              j - ring of protection from cold
MPRegen  0.26/turn              n - ring of protection from fire

@: mighty, agile, berserking (expiring), very quick
A: antennae 3, powered by pain 2, magic shield, magic regeneration, magic link,
sturdy frame 2
a: Berserk, Trog's Hand, Brothers in Arms, Renounce Religion


You were on level 11 of the Dungeon.
You worshipped Trog.
Trog was extremely pleased with you.
You were hungry.

You visited 1 branch of the dungeon, and saw 13 of its levels.
You also visited: Sewer.

You collected 645 gold pieces.

Inventory:

Hand Weapons
 y - a +2 great sword of slicing (weapon)
Armour
 o - a +4 scale mail (worn)
 q - a +1 pair of boots of stealth (worn)
 u - a +0 cloak (worn)
 v - a +0 pair of gloves (worn)
Jewellery
 a - an amulet of regeneration (around neck)
 j - a ring of protection from cold (left hand)
 n - a ring of protection from fire (right hand)
Wands
 k - a wand of clouds (5)
 D - a wand of polymorph (8)
 H - a wand of scattershot (3)
 J - a wand of enslavement (19)
Scrolls
 d - 2 scrolls of magic mapping
 f - 5 scrolls of enchant weapon
 g - a scroll of fear
 h - 3 scrolls of remove curse
 i - 2 scrolls of immolation
 r - 5 scrolls of enchant armour
 w - a scroll of blinking
 x - a scroll of fog
 E - a scroll of teleportation
 F - a scroll of summoning
Potions
 b - 10 potions of haste
 l - 8 potions of curing
 m - 2 potions of mutation
 p - a potion of berserk rage
 s - 2 potions of agility
 t - 3 potions of magic
 z - 5 potions of heal wounds
 A - a potion of flight
 B - a potion of brilliance
Comestibles
 c - 15 rations
 C - 10 chunks of flesh


   Skills:
 + Level 10.1 Fighting
 * Level 12.4 Long Blades
 + Level 9.0 Armour
 + Level 9.0 Dodging


You had 11 spell levels left.
You didn't know any spells.
Your spell library was empty.

Dungeon Overview and Level Annotations

Branches:
Dungeon (13/15)            Temple (0/1) D:5            Lair (0/6) D:9
    Orc (0/2) D:11         Vaults (0/5) D:13

Altars:
Elyvilon
Fedhas
Gozag
Hepliaklqana
Kikubaaqudgha
Makhleb
Qazlal
Ru
Trog
Uskayaw
Xom
The Shining One

Shops:
D:4 *

Annotations:
D:11 Sonja


Innate Abilities, Weirdness & Mutations

You have a pair of large antennae on your head. (SInv)
You sometimes gain power by taking damage.
When hurt, damage is shared between your health and your magic reserves.
You regenerate magic rapidly.
When low on magic, you restore magic in place of health.
Your movements are less encumbered by armour. (ER -4)


Message History

The large slime creature is moderately wounded.
The large slime creature closely misses you.
The slime creature hits you.
* * * LOW HITPOINT WARNING * * *
The slime creature hits you but does no damage.
You slice the large slime creature!!
The large slime creature is heavily wounded.
The slime creature completely misses you.
You riposte.
You slash the slime creature!
The slime creature is severely wounded.
The large slime creature barely misses you.
You riposte.
You slice the large slime creature!!
The large slime creature is severely wounded.
The slime creature hits you!
* * * LOW HITPOINT WARNING * * *
The slime creature misses you.
You slice the large slime creature!!
The large slime creature is almost dead.
The slime creature hits you!
You die...

#...# #..# #...# #...# #..# #..)#
#...# #..# #...# #.# #...# #..#
#...# #.# #...# #..# #...# #.#
#...# #..# #...# #.# #...# #..#
#...# #.# #...# #..# #J..# #.#
#...# #..# #@J.########.#####
#...#####..# #JJ...........)...
##....<.....####........)....))..
...................[....)........
##..#####...............)...#####
#..# #....J..>........)..# # #..#
#...................##### #..#
#........................ #..#
#...................###..


You could see a large slime creature and 3 slime creatures.

Vanquished Creatures
  Gastronok (D:8)
  2 centaur warriors
  A two-headed ogre (D:8)
  A skeletal warrior (D:13)
  An unseen horror (D:10)
  Pikel (D:4)
  An ugly thing (D:13)
  Maurice (D:11)
  A guardian serpent (shapeshifter) (D:13)
  2 gargoyles (D:10)
  A spiny frog (shapeshifter) (D:13)
  A freezing wraith (D:13)
  2 trolls
  A slime creature (shapeshifter) (D:13)
  3 hippogriffs
  17 slime creatures
  11 yaks
  A wraith (D:13)
  A wyvern (D:10)
  A hungry ghost (D:13)
  Grum (D:11)
  4 orc warriors
  A black bear (D:6)
  A sky beast (D:7)
  2 ice beasts
  6 ogres
  4 wolves (D:11)
  5 phantoms
  7 centaurs
  2 crocodiles
  2 big kobolds
  Blork the orc (D:5)
  15 bullfrogs
  A gnoll sergeant (D:10)
  A water moccasin zombie (D:10)
  3 scorpions
  6 killer bees
  8 howler monkeys
  15 wights
  4 crimson imps
  2 centaur zombies
  A quasit (D:11)
  3 jellies
  5 hounds
  A centaur skeleton (D:11)
  2 orc priests
  4 bullfrog skeletons
  7 orc wizards
  An iguana (D:7)
  11 worker ants
  Terence (D:2)
  A hound zombie (D:7)
  A hound skeleton (D:7)
  A worker ant zombie (D:9)
  8 gnolls
  8 adders
  A river rat (Sewer)
  An adder zombie (D:7)
  2 adder skeletons (D:5)
  A dart slug (D:2)
  3 leopard geckos
  22 orcs
  5 ball pythons
  10 bats
  8 giant cockroaches
  4 goblins
  8 hobgoblins
  11 kobolds
  4 quokkas
  9 frilled lizards
  A leopard gecko skeleton (D:6)
  A quokka skeleton (D:6)
  9 rats
297 creatures vanquished.

Vanquished Creatures (collateral kills)
  2 hydras
  A deep elf mage (D:13)
  An orc warrior (D:10)
  4 centaurs (D:13)
8 creatures vanquished.

Vanquished Creatures (others)
  2 slaves (D:4)
  A centaur (D:11)
  A worker ant (D:4)
  An orc (D:4)
  2 jackals (D:4)
  A frilled lizard (D:4)
8 creatures vanquished.

Grand Total: 313 creatures vanquished

Notes
Turn   | Place    | Note
-------+----------+-------------------------------------------
     0 | D:1      | Lanoc the Demonspawn Berserker began the quest for the Orb.
     0 | D:1      | Reached XP level 1. HP: 18/18 MP: 1/1
   425 | D:1      | Gained mutation: Your movements are slightly less
                  | encumbered by armour. (ER -2) [demonic ancestry]
   425 | D:1      | Reached XP level 2. HP: 15/24 MP: 2/2
   530 | D:1      | Reached skill level 3 in Long Blades
   856 | D:2      | Noticed Terence
   871 | D:2      | Killed Terence
   871 | D:2      | Gained mutation: When hurt, damage is shared between your
                  | health and your magic reserves. [demonic ancestry]
   871 | D:2      | Reached XP level 3. HP: 12/29 MP: 3/3
  1385 | D:2      | Found a sacrificial altar of Ru.
  1446 | D:2      | Noticed an ice beast
  1466 | D:2      | Killed an ice beast
  1466 | D:2      | Gained mutation: You have a pair of small antennae on your
                  | head. [demonic ancestry]
  1466 | D:2      | Reached XP level 4. HP: 19/37 MP: 1/4
  1466 | D:2      | Gained mutation: You have a pair of antennae on your head.
                  | [demonic ancestry]
  1466 | D:2      | Reached XP level 5. HP: 22/42 MP: 1/5
  1547 | D:2      | Reached ** piety under Trog
  1668 | D:2      | Found a faded altar of an unknown god.
  1981 | D:3      | Reached skill level 4 in Long Blades
  2199 | D:4      | Noticed a phantom
  2238 | D:4      | Killed a phantom
  2342 | D:4      | Noticed a slave
  2344 | D:4      | Noticed a slave
  2345 | D:4      | Noticed Pikel
  2345 | D:4      | Noticed a slave
  2346 | D:4      | Noticed a slave
  2361 | D:4      | Noticed a phantom
  2362 | D:4      | Killed Pikel
  2362 | D:4      | Reached skill level 5 in Long Blades
  2362 | D:4      | Gained mutation: You sometimes gain a little power by
                  | taking damage. [demonic ancestry]
  2362 | D:4      | Reached XP level 6. HP: 49/49 MP: 6/6
  2362 | D:4      | Gained mutation: You regenerate magic rapidly. [demonic
                  | ancestry]
  2362 | D:4      | Reached XP level 7. HP: 55/55 MP: 7/7
  2414 | D:4      | Found an opulent altar of Gozag.
  2560 | D:4      | Found Gozag's Platinum Reserve.
  2827 | D:5      | Entered Level 5 of the Dungeon
  2923 | D:5      | Noticed Blork the orc
  2933 | D:5      | Killed Blork the orc
  2941 | D:5      | Reached skill level 5 in Fighting
  2980 | D:5      | Found a blossoming altar of Fedhas.
  2980 | D:5      | Found a white marble altar of Elyvilon.
  2989 | D:5      | Found an ancient bone altar of Kikubaaqudgha.
  2990 | D:5      | Found a bloodstained altar of Trog.
  2991 | D:5      | Found a hide-covered altar of Uskayaw.
  2997 | D:5      | Found a hazy altar of Hepliaklqana.
  2998 | D:5      | Found a shimmering altar of Xom.
  3041 | D:5      | Reached skill level 6 in Long Blades
  3041 | D:5      | Gained mutation: You have a pair of large antennae on your
                  | head. (SInv) [demonic ancestry]
  3041 | D:5      | Reached XP level 8. HP: 59/62 MP: 8/8
  3226 | D:5      | Found a staircase to the Ecumenical Temple.
  3482 | D:6      | Found a glowing drain.
  3486 | Sewer    | Entered a sewer
  3643 | Sewer    | Reached *** piety under Trog
  3957 | D:6      | Found a glowing golden altar of the Shining One.
  3997 | D:6      | Reached skill level 7 in Long Blades
  4012 | D:6      | Reached skill level 5 in Armour
  4012 | D:6      | Reached skill level 5 in Dodging
  4174 | D:6      | Gained mutation: Your movements are less encumbered by
                  | armour. (ER -4) [demonic ancestry]
  4174 | D:6      | Reached XP level 9. HP: 65/69 MP: 9/9
  4894 | D:7      | Found a stormy altar of Qazlal.
  5134 | D:8      | Reached skill level 8 in Long Blades
  5165 | D:8      | Reached **** piety under Trog
  5243 | D:8      | Noticed Gastronok
  5262 | D:8      | Killed Gastronok
  5262 | D:8      | Reached skill level 9 in Long Blades
  5262 | D:8      | Reached XP level 10. HP: 47/79 MP: 5/10
  5310 | D:8      | Noticed a two-headed ogre
  5401 | D:8      | Found a burning altar of Makhleb.
  5550 | D:8      | Killed a two-headed ogre
  6326 | D:9      | Found a staircase to the Lair.
  6721 | D:10     | Entered Level 10 of the Dungeon
  6833 | D:10     | Noticed an unseen horror
  6858 | D:10     | Killed an unseen horror
  6874 | D:10     | Noticed a gargoyle
  6893 | D:10     | Killed a gargoyle
  6893 | D:10     | Reached skill level 10 in Long Blades
  7485 | D:10     | Gained mutation: You sometimes gain power by taking damage.
                  | [demonic ancestry]
  7485 | D:10     | Reached XP level 11. HP: 84/86 MP: 11/11
  7768 | D:11     | Noticed Grum
  7812 | D:11     | Found a staircase to the Orcish Mines.
  7850 | D:11     | Noticed Sonja
  8408 | D:11     | Noticed a six-headed hydra
  8418 | D:10     | Killed a six-headed hydra
  9041 | D:11     | Killed Grum
  9292 | D:11     | Reached ***** piety under Trog
  9327 | D:11     | Noticed Maurice
  9347 | D:11     | Killed Maurice
  9347 | D:11     | Reached skill level 11 in Long Blades
 10463 | D:13     | Noticed a glowing orange brain
 10463 | D:13     | a glowing orange brain changed into a slime creature
 10594 | D:13     | Found a gate to the Vaults.
 10608 | D:13     | Noticed a four-headed hydra
 10609 | D:13     | Noticed a white ugly thing
 10629 | D:13     | Gained mutation: When low on magic, you restore magic in
                  | place of health. [demonic ancestry]
 10629 | D:13     | Reached XP level 12. HP: 69/96 MP: 9/12
 10656 | D:13     | Noticed a centaur warrior
 10974 | D:12     | Killed a centaur warrior
 11213 | D:13     | Reached skill level 12 in Long Blades
 11405 | D:13     | Noticed a centaur warrior
 11425 | D:13     | Killed a centaur warrior
 11425 | D:13     | Received a gift from Trog
 11432 | D:13     | Killed a four-headed hydra
 11439 | D:13     | Reached skill level 10 in Fighting
 11496 | D:13     | Noticed a death knight
 11557 | D:11     | Slain by a slime creature

Vault maps used:
D:1:      dpeg_arrival_houses_and_road, solitary_fountain
D:2:      nicolae_overflow_crystal_walls, chequers_ecumenical_altar_simple,
          minmay_misc_feat_diagonals, minmay_quantized, uniq_terence
D:4:      nicolae_gozag_zags_fifth_avenue, first_ration, chei_slow_surprise,
          uniq_pikel
D:5:      grunt_temple_overflow_open, minmay_temple_entry_antechambers,
          kennysheep_generic_room_12, uniq_blork_the_orc
D:6:      basic_altar, gup_sewer_entry_bowl
D:7:      grunt_qazlal_clouds, grunt_ogre_cave
D:8:      bloody_makhleb, uniq_gastronok
D:9:      lair_entry_dummy
D:11:     david_orc_2, uniq_sonja, uniq_grum, uniq_maurice
D:13:     david_vaults_2
Sewer:    sewer_co_cracked_pipes

Skill      XL: |  1  2  3  4  5  6  7  8  9 10 11 12 |
---------------+-------------------------------------+-----
Dodging        | 2 3 4 5 6 7 8 9 |  9.0
Long Blades    | 3 5 6 7 9 10 11 12 | 12.4
Armour         | 2 3 4 5 6 7 8 9 |  9.0
Fighting       | 4 5 6 7 8 9 10 | 10.1

Action                   |  1- 3 |  4- 6 |  7- 9 | 10-12 || total
-------------------------+-------+-------+-------+-------++-------
Melee: Falchion          |   101 |    81 |   454 |   346 ||   982
       Long sword        |       |       |       |   435 ||   435
       Great sword       |       |       |       |    32 ||    32
Invok: Berserk           |     1 |     1 |     7 |    12 ||    21
       Trog's Hand       |       |       |     1 |       ||     1
       Brothers in Arms  |       |       |       |     3 ||     3
  Use: Scroll            |       |       |     1 |    25 ||    26
       Potion            |       |       |       |     8 ||     8
 Stab: Sleeping          |       |       |     4 |     6 ||    10
       Distracted        |       |       |       |     1 ||     1
  Eat: Chunk             |     2 |     2 |    15 |    25 ||    44
       Ration            |       |     1 |       |     3 ||     4
Armor: Animal skin       |     4 |       |       |       ||     4
       Scale mail        |    21 |    50 |   180 |   345 ||   596
Dodge: Dodged            |    74 |    47 |   314 |   706 ||  1141
       Rpst.: Falchion   |    24 |    14 |    91 |    76 ||   205
       Long sword        |       |       |       |   106 ||   106
       Great sword       |       |       |       |     4 ||     4

Table legend:
 A = Non-vault XP
 B = Vault XP
 C = Vault XP percentage of total XP
 D = Non-vault monster count
 E = Vault monster count
 F = Vault count percentage of total count
                 A         B        C        D         E       F
            +---------+---------+-------+---------+---------+-------
      Total |   25515 |    5576 |  17.9 |     259 |      46 |  15.1
            +---------+---------+-------+---------+---------+-------
        D:1 |      20 |       0 |   0.0 |      11 |       0 |   0.0
        D:2 |     155 |      39 |  20.1 |      17 |       5 |  22.7
        D:3 |      27 |       0 |   0.0 |       8 |       0 |   0.0
        D:4 |     283 |     617 |  68.6 |       4 |       1 |  20.0
        D:5 |     528 |     179 |  25.3 |      13 |       3 |  18.8
        D:6 |    1161 |       5 |   0.4 |      31 |       3 |   8.8
        D:7 |     323 |     122 |  27.4 |       8 |       1 |  11.1
        D:8 |    2532 |    2109 |  45.4 |      27 |       1 |   3.6
        D:9 |     565 |       0 |   0.0 |      12 |       0 |   0.0
       D:10 |    4897 |      71 |   1.4 |      38 |       3 |   7.3
       D:11 |    2620 |    1263 |  32.5 |      30 |       9 |  23.1
       D:12 |    3808 |       0 |   0.0 |      22 |       0 |   0.0
       D:13 |    8596 |    1129 |  11.6 |      38 |       3 |   7.3
      Sewer |       0 |      42 | 100.0 |       0 |      17 | 100.0
            +---------+---------+-------+---------+---------+-------
